AoeStats
← SaW

MegaRandom

505675240Analyzed
1v1 RM · 23d ago on Sep 10, 2026· 28m 9s· 2 players
Game mode
Random Map
Map size
Tiny (2 player)
Population
200
Speed
Normal
Resources
Standard
Victory
Conquest
Starting age
Dark Age
Ending age
Imperial Age
RankedLock teamsTeams togetherTeam positionsShared explorationLock speedFull tech treeHidden civsTurbo modeCheats
Victory
Defeat
🇩🇪 Jurchens · Germany
1523
+15
🇵🇹 Malay · Portugal
1500
-15
SaW
8:49 Loom
12:27 Feudal Age
12:30 Double-Bit Axe
13:57 Fletching
23:44 Castle Age
23:26 Bodkin Arrow
23:45 Crossbowman
stephug
8:58 Loom
11:13 Feudal Age
11:42 Double-Bit Axe
13:50 Wheelbarrow
17:41 Castle Age
15:42 Gold Mining
15:52 Fletching
18:18 Bodkin Arrow
18:38 Medium Warships
22:10 Fishing Lines
25:28 Horse Collar
27:17 Stone Mining
Connection lost

Rejoining the realm…

Still unreachable

The connection could not be restored.

Session expired

The server has moved on; the page needs a fresh start.